cohdb
Replays
Latest Replays
All Replays
Popular Replays
Top Player Replays
Match Explorer
How It Works
Community
CoH3 Stats
Reddit
Sign in to upload your games and track your stats! →
Sign in with Steam
Match 43768441
Unlisted
Match 43768441
Overview
Messages
Build Orders
End
Panzergrenadier Squad
Selects Panzerjäger Kommand Battlegroup
Selects Mine Fields
250 Light Carrier
Panzergrenadier Squad
Construct Light Support Kompanie
Panzerjäger Squad
Selects Tank Busters
Construct Mechanized Kompanie
Veteran Squad Leaders
Panzerjäger Mechanized Group
Selects Defensive Positions
Selects Defensive Positions
8 Rad Armored Car
8 Rad Armored Car
Selects Butterfly Bomb Drop
Panzergrenadier Squad
Support Armor Elements
Construct Panzerarmee Kommand
2.5-tonne Medical Truck
Butterfly Bomb Drop
Selects Crew Shock Tactics
Armored Reserves
Flak 36 Anti-tank Gun Team
Butterfly Bomb Drop
Vehicle Survival Package
MG34 Team
Butterfly Bomb Drop
Tiger Heavy Tank
Selects Elefant Tank Destroyer
Rapid Advance
Butterfly Bomb Drop
Elefant Tank Destroyer
Emergency Repair Kits
Fenryx
norddistrict2017
Bran
DrewP
0
0
Comments
sign in to comment!
No comments posted yet!